Winnipeg Jets vs Boston Bruins
(R1)
Created - Monday, April 24, 2023 at 11:28
Goals
|
| Winnipeg Jets |
0 |
1 |
0 |
0 |
1 |
| Boston Bruins |
1 |
0 |
0 |
1 |
2 |
|
Shots
|
| Winnipeg Jets |
5 |
10 |
11 |
0 |
26 |
| Boston Bruins |
9 |
11 |
11 |
1 |
32 |
|
1st period
1. Boston Bruins , Vincent Trocheck 21 (Pavel Zacha 14) at 17:30
Penalties :
Kevin Shattenkirk (WPG) for Hooking (Minor) at 4:49, Brandon Hagel (BOS) for Cross-checking (Minor) at 10:57, Ryan Donato (BOS) for Tripping (Minor) at 19:22
2nd period
2. Winnipeg Jets , Ryan Nugent-Hopkins 15 (Connor McDavid 26) at 4:43
Penalties :
No Penalty
3rd period
No Goal
Penalties :
Seth Jones (WPG) for Holding (Minor) at 1:18, Dylan Larkin (WPG) for Hooking (Minor) at 4:47, Vincent Trocheck (BOS) for Interference (Minor) at 9:51, John Klingberg (WPG) for High sticking (Minor) at 12:13, Matt Grzelcyk (BOS) for Holding (Minor) at 14:34, Charlie McAvoy (BOS) for Tripping (Minor) at 18:36
Overtime #1
3. Boston Bruins , Charlie McAvoy 6 (Vincent Trocheck 26) at 2:21
Penalties :
No Penalty
Goalie Stats
Connor Hellebuyck (WPG), 30 saves from 32 shots - (0.938), OTL, 15-12-3, 62:21 minutes
David Rittich (BOS), 25 saves from 26 shots - (0.962), W, 10-11-3, 62:21 minutes
Players Stats for Winnipeg Jets
Player Name G A P +/- PIM S H SB GA TA FO MP PP MP PK MP
------------------------------------------------------------------------------------
Aaron Ekblad 0 0 0 0 0 0 2 1 0 0 0/0 23:39 4:26 4:26
Andrew Cogliano 0 0 0 -1 0 1 2 2 0 0 0/0 11:05 0:05 3:47
Andrew Copp 0 0 0 1 0 1 4 0 0 0 0/0 16:46 4:45 0:00
Brandon Montour 0 0 0 0 0 0 0 1 0 0 0/0 24:37 4:53 3:30
Connor McDavid 0 1 1 1 0 3 1 1 0 0 6/15 17:59 4:45 0:00
Dylan Larkin 0 0 0 -1 2 7 1 0 2 1 10/20 18:05 4:34 0:00
Jacob Trouba 0 0 0 0 0 1 4 0 0 1 0/0 24:37 4:53 3:30
John Klingberg 0 0 0 -1 2 1 0 0 0 2 0/0 14:52 0:00 0:48
Jonathan Marchessault 0 0 0 0 0 0 0 0 0 0 1/1 7:33 0:00 0:33
Kevin Shattenkirk 0 0 0 -1 2 0 1 0 0 1 0/0 14:33 0:00 0:00
Kyle Palmieri 0 0 0 0 0 0 1 1 0 1 1/1 14:22 0:00 3:36
Mark Stone 0 0 0 -1 0 2 0 1 0 0 0/1 17:03 4:34 0:00
Mathew Barzal 0 0 0 -1 0 2 0 0 0 0 0/1 11:01 0:00 0:09
Nick Suzuki 0 0 0 0 0 0 0 1 2 0 8/10 15:46 0:00 3:58
Pius Suter 0 0 0 0 0 1 0 1 0 0 2/6 11:18 0:00 3:49
Ryan Nugent-Hopkins 1 0 1 1 0 4 3 1 0 0 1/1 17:59 4:45 0:00
Seth Jones 0 0 0 0 2 1 0 1 1 1 0/0 23:18 4:26 3:38
Tyler Toffoli 0 0 0 -1 0 2 0 1 0 0 1/2 16:51 4:29 0:00
Players Stats for Boston Bruins
Player Name G A P +/- PIM S H SB GA TA FO MP PP MP PK MP
------------------------------------------------------------------------------------
Anthony Beauvillier 0 0 0 0 0 0 0 0 1 0 2/3 7:54 0:00 2:33
Brandon Hagel 0 0 0 1 2 3 2 0 1 0 0/0 13:46 0:00 0:00
Brock McGinn 0 0 0 0 0 1 0 0 0 0 0/0 13:10 0:00 0:00
Charlie McAvoy 1 0 1 0 2 3 1 5 0 2 0/0 27:59 5:04 3:55
Danton Heinen 0 0 0 0 0 1 0 0 0 0 0/0 5:07 0:00 0:00
Joel Farabee 0 0 0 0 0 6 3 0 1 0 0/1 18:29 3:15 1:54
Joonas Donskoi 0 0 0 0 0 0 2 0 0 0 0/0 16:06 3:15 0:00
Mason Appleton 0 0 0 1 0 0 0 0 0 0 0/1 2:37 0:00 0:00
Matt Grzelcyk 0 0 0 0 2 3 0 1 0 1 0/0 11:44 0:00 0:34
Morgan Geekie 0 0 0 0 0 2 2 1 1 0 3/6 13:10 0:00 0:00
Pavel Zacha 0 1 1 0 0 4 1 0 1 0 4/4 19:05 4:41 2:33
Phil Kessel 0 0 0 0 0 2 1 1 1 0 0/0 22:32 4:41 5:37
Ryan Donato 0 0 0 0 2 1 1 0 0 0 3/12 17:58 3:15 1:48
Samuel Girard 0 0 0 0 0 0 2 1 0 0 0/0 29:27 5:04 5:40
Sean Durzi 0 0 0 1 0 0 1 0 0 0 0/0 21:19 2:52 3:41
Tyson Barrie 0 0 0 1 0 2 3 2 1 0 0/0 21:19 2:52 3:41
Victor Mete 0 0 0 0 0 1 0 3 0 1 0/0 13:15 0:00 2:19
Vincent Trocheck 1 1 2 0 2 3 2 1 0 1 16/31 24:27 4:41 4:49
3 Stars
1 - David Rittich (BOS)
2 - Ryan Nugent-Hopkins (WPG)
3 - Vincent Trocheck (BOS)
Power Play
Winnipeg Jets - 0 on 5 Attempt(s) - 0.00%
Boston Bruins - 0 on 4 Attempt(s) - 0.00%
Penalty Kill
Winnipeg Jets - 4 on 4 Attempt(s) - 100.00%
- Score 0 goal in Penalty Kill
Boston Bruins - 5 on 5 Attempt(s) - 100.00%
- Score 0 goal in Penalty Kill
Team Stat
Winnipeg Jets - Hits : 19 - Faceoff Wins : 30 - Blocked Shots : 12 - Penalty Minutes : 8
Boston Bruins - Hits : 21 - Faceoff Wins : 28 - Blocked Shots : 15 - Penalty Minutes : 10
Official
Referees : Tom Kowal and Frederick L'Ecuyer
Linesman : Jonny Murray and Matt MacPherson
Game Notes
No Game Note
Finance
Level 1 -- Attendance: 4354 (72.57%) -- Ticket Income $435,400
Level 2 -- Attendance: 3473 (69.46%) -- Ticket Income $208,380
Level 3 -- Attendance: 2160 (72.00%) -- Ticket Income $75,600
Level 4 -- Attendance: 3814 (76.28%) -- Ticket Income $95,350
Luxury Box -- Attendance: 801 (80.10%) -- Ticket Income $160,200
Game was played at the TD Garden.
Total Attendance: 14602 (73.01%)
Total Ticket Income: $974,930
Other Income: $341,226
Total Income: $1,316,156
Winnipeg Jets
5 vs 5 Forward
Center Left Wing Right Wing Time % Phy DF OF
1 Connor McDavid Ryan Nugent-Hopkins Andrew Copp 30 1 2 2
2 Dylan Larkin Tyler Toffoli Mark Stone 30 1 2 2
3 Nick Suzuki Mathew Barzal Kyle Palmieri 25 1 2 2
4 Pius Suter Jonathan Marchessault Andrew Cogliano 15 1 2 2
5 vs 5 Defense
Defense Defense Time % Phy DF OF
1 Aaron Ekblad Seth Jones 35 1 2 2
2 Brandon Montour Jacob Trouba 35 1 2 2
3 Kevin Shattenkirk John Klingberg 30 1 2 2
4 Aaron Ekblad Seth Jones 0 1 2 2
PowerPlay Forward
Center Left Wing Right Wing Time % Phy DF OF
1 Connor McDavid Ryan Nugent-Hopkins Andrew Copp 50 1 2 2
2 Dylan Larkin Tyler Toffoli Mark Stone 50 1 2 2
PowerPlay Defense
Defense Defense Time % Phy DF OF
1 Aaron Ekblad Seth Jones 50 1 2 2
2 Brandon Montour Jacob Trouba 50 1 2 2
Penalty Kill 4 Players Forward
Center Wing Time % Phy DF OF
1 Pius Suter Andrew Cogliano 50 1 2 2
2 Nick Suzuki Kyle Palmieri 50 1 2 2
Penalty Kill 4 Players Defense
Defense Defense Time % Phy DF OF
1 Aaron Ekblad Seth Jones 50 1 2 2
2 Brandon Montour Jacob Trouba 50 1 2 2
Penalty Kill - 3 Players Forward
Forward Time % Phy DF OF
1 Andrew Cogliano 50 1 2 2
2 Pius Suter 50 1 2 2
Penalty Kill - 3 Players Defense
Defense Defense Time % Phy DF OF
1 Aaron Ekblad Seth Jones 50 1 2 2
2 Brandon Montour Jacob Trouba 50 1 2 2
4 vs 4 Forward
Center Wing Time % Phy DF OF
1 Connor McDavid Ryan Nugent-Hopkins 50 1 2 2
2 Dylan Larkin Nick Suzuki 50 1 2 2
4 vs 4 Defense
Defense Defense Time % Phy DF OF
1 Aaron Ekblad Seth Jones 50 1 2 2
2 Brandon Montour Jacob Trouba 50 1 2 2
Last Minutes Offensive
Center Left Wing Right Wing Defense Defense
Connor McDavid Ryan Nugent-Hopkins Andrew Copp Aaron Ekblad Seth Jones
Last Minutes Defensive
Center Left Wing Right Wing Defense Defense
Nick Suzuki Andrew Cogliano Pius Suter Aaron Ekblad Seth Jones
Goaltenders
Starting : Connor Hellebuyck
Backup : Jake Allen
Extra Forwards
Normal : Andrew Cogliano, Mathew Barzal, Jonathan Marchessault - PP : Andrew Cogliano, Mathew Barzal - PK : Jonathan Marchessault
Extra Defensemen
Normal : Kevin Shattenkirk, John Klingberg, Brandon Montour - PP : Kevin Shattenkirk - PK : John Klingberg, Brandon Montour
Penalty Shots
Connor McDavid, Ryan Nugent-Hopkins, Dylan Larkin, Nick Suzuki, Andrew Copp
Boston Bruins
5 vs 5 Forward
Center Left Wing Right Wing Time % Phy DF OF
1 Vincent Trocheck Pavel Zacha Phil Kessel 40 1 2 2
2 Ryan Donato Joel Farabee Joonas Donskoi 30 1 2 2
3 Morgan Geekie Brandon Hagel Brock McGinn 20 1 2 2
4 Vincent Trocheck Anthony Beauvillier Danton Heinen 10 1 2 2
5 vs 5 Defense
Defense Defense Time % Phy DF OF
1 Charlie McAvoy Samuel Girard 40 1 2 2
2 Tyson Barrie Sean Durzi 30 1 2 2
3 Matt Grzelcyk Victor Mete 20 1 2 2
4 Charlie McAvoy Samuel Girard 10 1 2 2
PowerPlay Forward
Center Left Wing Right Wing Time % Phy DF OF
1 Vincent Trocheck Pavel Zacha Phil Kessel 60 1 2 2
2 Ryan Donato Joel Farabee Joonas Donskoi 40 1 2 2
PowerPlay Defense
Defense Defense Time % Phy DF OF
1 Charlie McAvoy Samuel Girard 60 1 2 2
2 Tyson Barrie Sean Durzi 40 1 2 2
Penalty Kill 4 Players Forward
Center Wing Time % Phy DF OF
1 Vincent Trocheck Phil Kessel 60 1 2 2
2 Pavel Zacha Joel Farabee 40 1 2 2
Penalty Kill 4 Players Defense
Defense Defense Time % Phy DF OF
1 Charlie McAvoy Samuel Girard 60 1 2 2
2 Tyson Barrie Sean Durzi 40 1 2 2
Penalty Kill - 3 Players Forward
Forward Time % Phy DF OF
1 Vincent Trocheck 60 1 2 2
2 Phil Kessel 40 1 2 2
Penalty Kill - 3 Players Defense
Defense Defense Time % Phy DF OF
1 Charlie McAvoy Samuel Girard 60 1 2 2
2 Tyson Barrie Sean Durzi 40 1 2 2
4 vs 4 Forward
Center Wing Time % Phy DF OF
1 Vincent Trocheck Phil Kessel 60 1 2 2
2 Pavel Zacha Joel Farabee 40 1 2 2
4 vs 4 Defense
Defense Defense Time % Phy DF OF
1 Charlie McAvoy Samuel Girard 60 1 2 2
2 Tyson Barrie Sean Durzi 40 1 2 2
Last Minutes Offensive
Center Left Wing Right Wing Defense Defense
Vincent Trocheck Pavel Zacha Phil Kessel Charlie McAvoy Samuel Girard
Last Minutes Defensive
Center Left Wing Right Wing Defense Defense
Vincent Trocheck Pavel Zacha Phil Kessel Charlie McAvoy Samuel Girard
Goaltenders
Starting : David Rittich
Backup : Olivier Rodrigue
Extra Forwards
Normal : Mason Appleton, Brandon Hagel, Anthony Beauvillier - PP : Mason Appleton, Brandon Hagel - PK : Anthony Beauvillier
Extra Defensemen
Normal : Matt Grzelcyk, Victor Mete, Tyson Barrie - PP : Matt Grzelcyk - PK : Victor Mete, Tyson Barrie
Penalty Shots
Vincent Trocheck, Phil Kessel, Pavel Zacha, Joel Farabee, Brandon Hagel
% Time on Ice - Winnipeg Jets
Lines # - Real PCT - Wanted PCT - Time Play
Normal Forward
1 - 30% - 30% - 12:59
2 - 29% - 30% - 12:29
3 - 25% - 25% - 10:46
4 - 15% - 15% - 6:31
Normal Defense
1 - 31% - 35% - 13:19
2 - 35% - 35% - 14:57
3 - 33% - 30% - 14:05
4 - 1% - 0% - 0:24
PP Forward
1 - 51% - 50% - 4:45
2 - 49% - 50% - 4:34
PP Defense
1 - 48% - 50% - 4:26
2 - 52% - 50% - 4:53
PK Forward
1 - 48% - 50% - 3:49
2 - 52% - 50% - 4:07
PK Defense
1 - 56% - 50% - 4:26
2 - 44% - 50% - 3:30
PK3 Forward
1 - 0% - 50%
2 - 0% - 50%
PK3 Defense
1 - 0% - 50%
2 - 0% - 50%
44 Forward
1 - 52% - 50% - 1:13
2 - 48% - 50% - 1:08
44 Defense
1 - 45% - 50% - 1:04
2 - 55% - 50% - 1:17
Last Minute Offensive - 0:00
Last Minute Defensive - 0:00
Total
Forward - 62:21
Defense - 62:21
|
% Time on Ice - Boston Bruins
Lines # - Real PCT - Wanted PCT - Time Play
Normal Forward
1 - 27% - 40% - 11:27
2 - 30% - 30% - 13:01
3 - 31% - 20% - 13:10
4 - 12% - 10% - 5:07
Normal Defense
1 - 36% - 40% - 15:30
2 - 32% - 30% - 13:50
3 - 26% - 20% - 10:56
4 - 6% - 10% - 2:29
PP Forward
1 - 59% - 60% - 4:41
2 - 41% - 40% - 3:15
PP Defense
1 - 64% - 60% - 5:04
2 - 36% - 40% - 2:52
PK Forward
1 - 80% - 60% - 7:25
2 - 20% - 40% - 1:54
PK Defense
1 - 61% - 60% - 5:40
2 - 39% - 40% - 3:39
PK3 Forward
1 - 100% - 60% - 0:36
2 - 0% - 40% - 0:00
PK3 Defense
1 - 94% - 60% - 0:34
2 - 6% - 40% - 0:02
44 Forward
1 - 82% - 60% - 1:26
2 - 18% - 40% - 0:19
44 Defense
1 - 47% - 60% - 0:49
2 - 53% - 40% - 0:56
Last Minute Offensive - 0:00
Last Minute Defensive - 0:00
Total
Forward - 62:21
Defense - 62:21
|
Play-by-Play
1st period
0:01 of 1st period - Pavel Zacha wins face-off versus Connor McDavid in neutral zone.
0:04 of 1st period - Slapshot by Vincent Trocheck.
0:04 of 1st period - Deflect By Phil Kessel.
0:04 of 1st period - Shot Misses the Net.
0:04 of 1st period - Puck is out of play.
0:05 of 1st period - Connor McDavid wins face-off versus Vincent Trocheck in Winnipeg Jets zone.
0:35 of 1st period - Backhand shot by Brock McGinn.
0:35 of 1st period - Stopped by Connor Hellebuyck without a rebound.
0:36 of 1st period - Morgan Geekie wins face-off versus Dylan Larkin in Winnipeg Jets zone.
1:33 of 1st period - Slapshot by Danton Heinen.
1:33 of 1st period - Stopped by Connor Hellebuyck with a rebound.
1:55 of 1st period - Snap shot by Ryan Nugent-Hopkins.
1:55 of 1st period - Shot Misses the Net.
2:07 of 1st period - Joel Farabee is hit by Dylan Larkin.
2:29 of 1st period - Snap shot by Mathew Barzal.
2:29 of 1st period - Shot Misses the Net.
3:05 of 1st period - Ryan Nugent-Hopkins is hit by Ryan Donato.
4:15 of 1st period - Kevin Shattenkirk is hit by Vincent Trocheck and loses puck.
4:26 of 1st period - Wrist shot by Connor McDavid.
4:26 of 1st period - Stopped by David Rittich without a rebound.
4:27 of 1st period - Dylan Larkin wins face-off versus Mason Appleton in Boston Bruins zone.
4:28 of 1st period - Wrist shot by Mark Stone.
4:28 of 1st period - Shot Misses the Net.
4:30 of 1st period - Snap shot by John Klingberg.
4:30 of 1st period - Deflect By Dylan Larkin.
4:30 of 1st period - Stopped by David Rittich with a rebound.
4:32 of 1st period - Slapshot by Mark Stone.
4:32 of 1st period - Shot Blocked by Charlie McAvoy.
4:49 of 1st period - Minor Penalty to Kevin Shattenkirk for Hooking.
4:50 of 1st period - Vincent Trocheck wins face-off versus Pius Suter in Winnipeg Jets zone.
5:22 of 1st period - Nick Suzuki is hit by Samuel Girard and loses puck.
6:49 of 1st period - Penalty to Kevin Shattenkirk is over, Kevin Shattenkirk is back on ice.
7:03 of 1st period - Slapshot by Pius Suter.
7:03 of 1st period - Shot Misses the Net.
7:35 of 1st period - Slapshot by Danton Heinen.
7:35 of 1st period - Shot Misses the Net.
7:37 of 1st period - Slapshot by Matt Grzelcyk.
7:37 of 1st period - Stopped by Connor Hellebuyck without a rebound.
7:38 of 1st period - Nick Suzuki wins face-off versus Ryan Donato in Winnipeg Jets zone.
7:52 of 1st period - Off-side.
7:53 of 1st period - Dylan Larkin wins face-off versus Vincent Trocheck in neutral zone.
7:58 of 1st period - Snap shot by Mark Stone.
7:58 of 1st period - Stopped by David Rittich without a rebound.
7:59 of 1st period - Vincent Trocheck wins face-off versus Dylan Larkin in Boston Bruins zone.
8:03 of 1st period - Off-side.
8:04 of 1st period - Nick Suzuki wins face-off versus Vincent Trocheck in neutral zone.
8:36 of 1st period - Slapshot by Dylan Larkin.
8:36 of 1st period - Shot Misses the Net.
9:33 of 1st period - Wrist shot by Joel Farabee.
9:33 of 1st period - Stopped by Connor Hellebuyck with a rebound.
10:31 of 1st period - Danton Heinen is hit by Ryan Nugent-Hopkins.
10:43 of 1st period - Wrist shot by Danton Heinen.
10:43 of 1st period - Shot Blocked by Pius Suter.
10:49 of 1st period - Wrist shot by Jonathan Marchessault.
10:49 of 1st period - Deflect By Pius Suter.
10:49 of 1st period - Stopped by David Rittich with a rebound.
10:51 of 1st period - Snap shot by Pius Suter.
10:51 of 1st period - Shot Hit the Post.
10:57 of 1st period - Minor Penalty to Brandon Hagel for Cross-checking.
10:58 of 1st period - Vincent Trocheck wins face-off versus Connor McDavid in Boston Bruins zone.
11:05 of 1st period - Seth Jones is hit by Sean Durzi and loses puck.
11:32 of 1st period - Snap shot by Mark Stone.
11:32 of 1st period - Shot Misses the Net.
11:50 of 1st period - Andrew Copp is hit by Joel Farabee and loses puck.
12:49 of 1st period - Seth Jones is hit by Tyson Barrie.
12:57 of 1st period - Penalty to Brandon Hagel is over, Brandon Hagel is back on ice.
13:16 of 1st period - Slapshot by Nick Suzuki.
13:16 of 1st period - Shot Misses the Net.
13:26 of 1st period - Kevin Shattenkirk is hit by Joel Farabee and loses puck.
13:33 of 1st period - Slapshot by Andrew Cogliano.
13:33 of 1st period - Shot Misses the Net.
13:35 of 1st period - Slapshot by Seth Jones.
13:35 of 1st period - Shot Misses the Net.
13:45 of 1st period - Slapshot by Joel Farabee.
13:45 of 1st period - Shot Misses the Net.
13:51 of 1st period - Ryan Donato is hit by Ryan Nugent-Hopkins and loses puck.
15:13 of 1st period - Off-side.
15:14 of 1st period - Dylan Larkin wins face-off versus Morgan Geekie in neutral zone.
15:19 of 1st period - Snap shot by Dylan Larkin.
15:19 of 1st period - Stopped by David Rittich with a rebound.
15:39 of 1st period - Wrist shot by Joel Farabee.
15:39 of 1st period - Stopped by Connor Hellebuyck without a rebound.
15:40 of 1st period - Connor McDavid wins face-off versus Ryan Donato in Winnipeg Jets zone.
16:03 of 1st period - Phil Kessel is hit by Jacob Trouba.
16:10 of 1st period - Off-side.
16:11 of 1st period - Tyler Toffoli wins face-off versus Vincent Trocheck in neutral zone.
16:21 of 1st period - Snap shot by Vincent Trocheck.
16:21 of 1st period - Shot Misses the Net.
16:26 of 1st period - Off-side.
16:27 of 1st period - Nick Suzuki wins face-off versus Ryan Donato in neutral zone.
17:02 of 1st period - Wrist shot by Connor McDavid.
17:02 of 1st period - Shot Misses the Net.
17:26 of 1st period - Wrist shot by Joonas Donskoi.
17:26 of 1st period - Deflect By Ryan Donato.
17:26 of 1st period - Shot Misses the Net.
17:26 of 1st period - Puck is out of play.
17:27 of 1st period - Vincent Trocheck wins face-off versus Mark Stone in Winnipeg Jets zone.
17:28 of 1st period - Snap shot by Pavel Zacha.
17:28 of 1st period - Stopped by Connor Hellebuyck with a rebound.
17:30 of 1st period - Snap shot by Vincent Trocheck.
17:30 of 1st period - Goal by Vincent Trocheck - Winnipeg Jets : 0 - Boston Bruins : 1.
17:31 of 1st period - Pavel Zacha wins face-off versus Dylan Larkin in neutral zone.
17:34 of 1st period - Tyler Toffoli is hit by Pavel Zacha and loses puck.
17:44 of 1st period - Off-side.
17:45 of 1st period - Pavel Zacha wins face-off versus Nick Suzuki in neutral zone.
18:16 of 1st period - Ryan Donato is hit by Aaron Ekblad and loses puck.
18:37 of 1st period - Ryan Nugent-Hopkins is hit by Brandon Hagel and loses puck.
18:42 of 1st period - Wrist shot by Brandon Hagel.
18:42 of 1st period - Stopped by Connor Hellebuyck without a rebound.
18:43 of 1st period - Kyle Palmieri wins face-off versus Vincent Trocheck in Winnipeg Jets zone.
18:58 of 1st period - Snap shot by Vincent Trocheck.
18:58 of 1st period - Stopped by Connor Hellebuyck with a rebound.
19:22 of 1st period - Minor Penalty to Ryan Donato for Tripping.
19:23 of 1st period - Vincent Trocheck wins face-off versus Connor McDavid in Boston Bruins zone.
Goals for this period are 0 for Winnipeg Jets vs 1 for Boston Bruins.
Shots for this period are 5 for Winnipeg Jets vs 9 for Boston Bruins.
2nd period
0:01 of 2nd period - Dylan Larkin wins face-off versus Vincent Trocheck in neutral zone.
1:22 of 2nd period - Penalty to Ryan Donato is over, Ryan Donato is back on ice.
2:11 of 2nd period - Snap shot by Tyler Toffoli.
2:11 of 2nd period - Shot Blocked by Morgan Geekie.
2:13 of 2nd period - Slapshot by Dylan Larkin.
2:13 of 2nd period - Deflect By Tyler Toffoli.
2:13 of 2nd period - Stopped by David Rittich with a rebound.
2:23 of 2nd period - Snap shot by Mathew Barzal.
2:23 of 2nd period - Stopped by David Rittich without a rebound.
2:24 of 2nd period - Nick Suzuki wins face-off versus Vincent Trocheck in Boston Bruins zone.
2:27 of 2nd period - Snap shot by Nick Suzuki.
2:27 of 2nd period - Deflect By Mathew Barzal.
2:27 of 2nd period - Stopped by David Rittich with a rebound.
3:36 of 2nd period - Snap shot by Vincent Trocheck.
3:36 of 2nd period - Shot Misses the Net.
3:38 of 2nd period - Wrist shot by Samuel Girard.
3:38 of 2nd period - Shot Misses the Net.
3:50 of 2nd period - Wrist shot by Joel Farabee.
3:50 of 2nd period - Shot Misses the Net.
3:58 of 2nd period - Joel Farabee is hit by Kevin Shattenkirk and loses puck.
4:03 of 2nd period - Snap shot by Nick Suzuki.
4:03 of 2nd period - Shot Misses the Net.
4:33 of 2nd period - Vincent Trocheck is hit by Jacob Trouba and loses puck.
4:43 of 2nd period - Snap shot by Ryan Nugent-Hopkins.
4:43 of 2nd period - Goal by Ryan Nugent-Hopkins - Winnipeg Jets : 1 - Boston Bruins : 1.
4:44 of 2nd period - Vincent Trocheck wins face-off versus Dylan Larkin in neutral zone.
4:55 of 2nd period - Snap shot by Tyler Toffoli.
4:55 of 2nd period - Stopped by David Rittich with a rebound.
4:57 of 2nd period - Slapshot by Brandon Montour.
4:57 of 2nd period - Shot Blocked by Charlie McAvoy.
4:59 of 2nd period - Snap shot by Dylan Larkin.
4:59 of 2nd period - Shot Blocked by Charlie McAvoy.
5:01 of 2nd period - Snap shot by Tyler Toffoli.
5:01 of 2nd period - Shot Misses the Net.
5:11 of 2nd period - Ryan Nugent-Hopkins is hit by Brandon Hagel and loses puck.
5:20 of 2nd period - Slapshot by Brandon Hagel.
5:20 of 2nd period - Deflect By Morgan Geekie.
5:20 of 2nd period - Shot Hit the Post.
5:20 of 2nd period - Puck is out of play.
5:21 of 2nd period - Ryan Donato wins face-off versus Mathew Barzal in Winnipeg Jets zone.
5:22 of 2nd period - Snap shot by Joel Farabee.
5:22 of 2nd period - Shot Misses the Net.
5:24 of 2nd period - Slapshot by Sean Durzi.
5:24 of 2nd period - Shot Blocked by Nick Suzuki.
5:26 of 2nd period - Snap shot by Joel Farabee.
5:26 of 2nd period - Stopped by Connor Hellebuyck with a rebound.
5:34 of 2nd period - Backhand shot by Joel Farabee.
5:34 of 2nd period - Stopped by Connor Hellebuyck with a rebound.
5:46 of 2nd period - Tyson Barrie is hit by Andrew Copp and loses puck.
6:41 of 2nd period - Wrist shot by Dylan Larkin.
6:41 of 2nd period - Stopped by David Rittich with a rebound.
9:03 of 2nd period - Nick Suzuki is hit by Morgan Geekie and loses puck.
9:21 of 2nd period - Icing by Mathew Barzal.
9:22 of 2nd period - Vincent Trocheck wins face-off versus Connor McDavid in Winnipeg Jets zone.
9:27 of 2nd period - Snap shot by Phil Kessel.
9:27 of 2nd period - Stopped by Connor Hellebuyck with a rebound.
9:52 of 2nd period - Icing by Tyson Barrie.
9:53 of 2nd period - Ryan Donato wins face-off versus Dylan Larkin in Boston Bruins zone.
10:52 of 2nd period - Slapshot by Tyson Barrie.
10:52 of 2nd period - Stopped by Connor Hellebuyck with a rebound.
11:06 of 2nd period - Backhand shot by Morgan Geekie.
11:06 of 2nd period - Stopped by Connor Hellebuyck without a rebound.
11:07 of 2nd period - Jonathan Marchessault wins face-off versus Joel Farabee in Winnipeg Jets zone.
11:12 of 2nd period - Slapshot by Jacob Trouba.
11:12 of 2nd period - Deflect By Charlie McAvoy.
11:12 of 2nd period - Stopped by David Rittich with a rebound.
11:38 of 2nd period - Slapshot by Joel Farabee.
11:38 of 2nd period - Stopped by Connor Hellebuyck without a rebound.
11:39 of 2nd period - Vincent Trocheck wins face-off versus Connor McDavid in Winnipeg Jets zone.
11:48 of 2nd period - Wrist shot by Connor McDavid.
11:48 of 2nd period - Shot Blocked by Victor Mete.
11:50 of 2nd period - Wrist shot by Connor McDavid.
11:50 of 2nd period - Stopped by David Rittich with a rebound.
11:52 of 2nd period - Slapshot by Seth Jones.
11:52 of 2nd period - Shot Blocked by Victor Mete.
11:54 of 2nd period - Slapshot by Seth Jones.
11:54 of 2nd period - Shot Misses the Net.
11:56 of 2nd period - Slapshot by Seth Jones.
11:56 of 2nd period - Shot Misses the Net.
12:20 of 2nd period - Snap shot by Pavel Zacha.
12:20 of 2nd period - Stopped by Connor Hellebuyck with a rebound.
12:22 of 2nd period - Wrist shot by Phil Kessel.
12:22 of 2nd period - Shot Misses the Net.
12:24 of 2nd period - Wrist shot by Victor Mete.
12:24 of 2nd period - Stopped by Connor Hellebuyck without a rebound.
12:25 of 2nd period - Dylan Larkin wins face-off versus Ryan Donato in Winnipeg Jets zone.
12:32 of 2nd period - Snap shot by Dylan Larkin.
12:32 of 2nd period - Stopped by David Rittich with a rebound.
12:56 of 2nd period - Icing by Connor McDavid.
12:57 of 2nd period - Connor McDavid wins face-off versus Morgan Geekie in Winnipeg Jets zone.
13:02 of 2nd period - Slapshot by Brandon Montour.
13:02 of 2nd period - Shot Misses the Net.
13:14 of 2nd period - Slapshot by Morgan Geekie.
13:14 of 2nd period - Shot Misses the Net.
13:28 of 2nd period - Backhand shot by Morgan Geekie.
13:28 of 2nd period - Deflect By Brandon Hagel.
13:28 of 2nd period - Stopped by Connor Hellebuyck with a rebound.
13:30 of 2nd period - Slapshot by Samuel Girard.
13:30 of 2nd period - Shot Misses the Net.
13:32 of 2nd period - Slapshot by Samuel Girard.
13:32 of 2nd period - Shot Misses the Net.
13:34 of 2nd period - Snap shot by Morgan Geekie.
13:34 of 2nd period - Shot Blocked by Connor McDavid.
13:36 of 2nd period - Snap shot by Charlie McAvoy.
13:36 of 2nd period - Shot Misses the Net.
13:38 of 2nd period - Wrist shot by Brandon Hagel.
13:38 of 2nd period - Stopped by Connor Hellebuyck without a rebound.
13:39 of 2nd period - Dylan Larkin wins face-off versus Vincent Trocheck in Winnipeg Jets zone.
14:26 of 2nd period - Andrew Cogliano is hit by Tyson Barrie.
14:30 of 2nd period - Slapshot by Jonathan Marchessault.
14:30 of 2nd period - Shot Misses the Net.
14:34 of 2nd period - Slapshot by Jonathan Marchessault.
14:34 of 2nd period - Shot Misses the Net.
14:36 of 2nd period - Wrist shot by Jonathan Marchessault.
14:36 of 2nd period - Shot Blocked by Tyson Barrie.
15:06 of 2nd period - Wrist shot by Dylan Larkin.
15:06 of 2nd period - Stopped by David Rittich with a rebound.
15:40 of 2nd period - Slapshot by Jonathan Marchessault.
15:40 of 2nd period - Shot Misses the Net.
15:42 of 2nd period - Slapshot by Jacob Trouba.
15:42 of 2nd period - Shot Blocked by Charlie McAvoy.
15:44 of 2nd period - Snap shot by Andrew Cogliano.
15:44 of 2nd period - Deflect By Jonathan Marchessault.
15:44 of 2nd period - Shot Misses the Net.
15:44 of 2nd period - Puck is out of play.
15:45 of 2nd period - Dylan Larkin wins face-off versus Vincent Trocheck in Boston Bruins zone.
15:46 of 2nd period - Snap shot by Mark Stone.
15:46 of 2nd period - Shot Misses the Net.
15:58 of 2nd period - Wrist shot by Vincent Trocheck.
15:58 of 2nd period - Shot Blocked by Seth Jones.
16:10 of 2nd period - Charlie McAvoy is hit by Connor McDavid and loses puck.
16:41 of 2nd period - Off-side.
16:42 of 2nd period - Dylan Larkin wins face-off versus Vincent Trocheck in neutral zone.
17:11 of 2nd period - Slapshot by Nick Suzuki.
17:11 of 2nd period - Shot Hit the Post.
17:13 of 2nd period - Wrist shot by Kyle Palmieri.
17:13 of 2nd period - Shot Blocked by Phil Kessel.
17:43 of 2nd period - Slapshot by Charlie McAvoy.
17:43 of 2nd period - Deflect By Ryan Nugent-Hopkins.
17:43 of 2nd period - Stopped by Connor Hellebuyck with a rebound.
17:53 of 2nd period - Matt Grzelcyk is hit by Andrew Cogliano and loses puck.
18:59 of 2nd period - Tyson Barrie is hit by Ryan Nugent-Hopkins and loses puck.
19:27 of 2nd period - Icing by Jacob Trouba.
19:28 of 2nd period - Pius Suter wins face-off versus Ryan Donato in Winnipeg Jets zone.
19:28 of 2nd period - Pius Suter is hit by Joonas Donskoi.
19:44 of 2nd period - Pius Suter is hit by Samuel Girard and loses puck.
Goals for this period are 1 for Winnipeg Jets vs 0 for Boston Bruins.
Shots for this period are 10 for Winnipeg Jets vs 11 for Boston Bruins.
3rd period
0:01 of 3rd period - Vincent Trocheck wins face-off versus Dylan Larkin in neutral zone.
0:08 of 3rd period - Slapshot by Charlie McAvoy.
0:08 of 3rd period - Shot Misses the Net.
0:11 of 3rd period - Icing by John Klingberg.
0:12 of 3rd period - Vincent Trocheck wins face-off versus Tyler Toffoli in Winnipeg Jets zone.
0:33 of 3rd period - Slapshot by Mark Stone.
0:33 of 3rd period - Stopped by David Rittich with a rebound.
0:56 of 3rd period - Off-side.
0:57 of 3rd period - Morgan Geekie wins face-off versus Connor McDavid in neutral zone.
1:00 of 3rd period - Wrist shot by Brock McGinn.
1:00 of 3rd period - Shot Misses the Net.
1:02 of 3rd period - Wrist shot by Matt Grzelcyk.
1:02 of 3rd period - Shot Blocked by Ryan Nugent-Hopkins.
1:04 of 3rd period - Snap shot by Brock McGinn.
1:04 of 3rd period - Shot Misses the Net.
1:06 of 3rd period - Snap shot by Matt Grzelcyk.
1:06 of 3rd period - Stopped by Connor Hellebuyck with a rebound.
1:18 of 3rd period - Minor Penalty to Seth Jones for Holding.
1:19 of 3rd period - Vincent Trocheck wins face-off versus Pius Suter in Winnipeg Jets zone.
1:22 of 3rd period - Snap shot by Pavel Zacha.
1:22 of 3rd period - Stopped by Connor Hellebuyck with a rebound.
1:24 of 3rd period - Snap shot by Pavel Zacha.
1:24 of 3rd period - Shot Blocked by Brandon Montour.
1:26 of 3rd period - Slapshot by Samuel Girard.
1:26 of 3rd period - Shot Blocked by Andrew Cogliano.
1:28 of 3rd period - Wrist shot by Phil Kessel.
1:28 of 3rd period - Shot Misses the Net.
1:30 of 3rd period - Snap shot by Vincent Trocheck.
1:30 of 3rd period - Stopped by Connor Hellebuyck without a rebound.
1:31 of 3rd period - Vincent Trocheck wins face-off versus Nick Suzuki in Winnipeg Jets zone.
1:34 of 3rd period - Wrist shot by Phil Kessel.
1:34 of 3rd period - Shot Blocked by Kyle Palmieri.
1:36 of 3rd period - Slapshot by Charlie McAvoy.
1:36 of 3rd period - Shot Hit the Post.
1:38 of 3rd period - Wrist shot by Vincent Trocheck.
1:38 of 3rd period - Shot Misses the Net.
2:25 of 3rd period - John Klingberg is hit by Phil Kessel.
3:18 of 3rd period - Penalty to Seth Jones is over, Seth Jones is back on ice.
3:35 of 3rd period - Snap shot by Brock McGinn.
3:35 of 3rd period - Shot Misses the Net.
3:37 of 3rd period - Slapshot by Brandon Hagel.
3:37 of 3rd period - Shot Misses the Net.
3:39 of 3rd period - Slapshot by Matt Grzelcyk.
3:39 of 3rd period - Deflect By Morgan Geekie.
3:39 of 3rd period - Stopped by Connor Hellebuyck with a rebound.
3:55 of 3rd period - Snap shot by Tyler Toffoli.
3:55 of 3rd period - Shot Misses the Net.
4:24 of 3rd period - Icing by Andrew Copp.
4:25 of 3rd period - Nick Suzuki wins face-off versus Ryan Donato in Winnipeg Jets zone.
4:25 of 3rd period - Nick Suzuki is hit by Joonas Donskoi.
4:32 of 3rd period - Snap shot by Joel Farabee.
4:32 of 3rd period - Shot Misses the Net.
4:34 of 3rd period - Slapshot by Tyson Barrie.
4:34 of 3rd period - Stopped by Connor Hellebuyck with a rebound.
4:36 of 3rd period - Snap shot by Ryan Donato.
4:36 of 3rd period - Stopped by Connor Hellebuyck without a rebound.
4:37 of 3rd period - Dylan Larkin wins face-off versus Vincent Trocheck in Winnipeg Jets zone.
4:47 of 3rd period - Minor Penalty to Dylan Larkin for Hooking.
4:48 of 3rd period - Nick Suzuki wins face-off versus Vincent Trocheck in Winnipeg Jets zone.
5:48 of 3rd period - Ryan Donato is hit by Andrew Cogliano and loses puck.
6:47 of 3rd period - Penalty to Dylan Larkin is over, Dylan Larkin is back on ice.
6:55 of 3rd period - Wrist shot by Dylan Larkin.
6:55 of 3rd period - Stopped by David Rittich with a rebound.
6:59 of 3rd period - Snap shot by Andrew Copp.
6:59 of 3rd period - Stopped by David Rittich with a rebound.
7:11 of 3rd period - Morgan Geekie is hit by Andrew Copp and loses puck.
7:40 of 3rd period - Wrist shot by Connor McDavid.
7:40 of 3rd period - Stopped by David Rittich with a rebound.
7:42 of 3rd period - Slapshot by Kevin Shattenkirk.
7:42 of 3rd period - Deflect By Ryan Nugent-Hopkins.
7:42 of 3rd period - Stopped by David Rittich with a rebound.
7:44 of 3rd period - Slapshot by John Klingberg.
7:44 of 3rd period - Deflect By Ryan Nugent-Hopkins.
7:44 of 3rd period - Shot Blocked by Charlie McAvoy.
7:44 of 3rd period - Puck is out of play.
7:45 of 3rd period - Dylan Larkin wins face-off versus Ryan Donato in Boston Bruins zone.
8:12 of 3rd period - Mathew Barzal is hit by Vincent Trocheck and loses puck.
8:31 of 3rd period - Wrist shot by Pius Suter.
8:31 of 3rd period - Shot Blocked by Matt Grzelcyk.
8:33 of 3rd period - Snap shot by Andrew Cogliano.
8:33 of 3rd period - Stopped by David Rittich without a rebound.
8:34 of 3rd period - Pius Suter wins face-off versus Ryan Donato in Boston Bruins zone.
9:05 of 3rd period - Off-side.
9:06 of 3rd period - Morgan Geekie wins face-off versus Dylan Larkin in neutral zone.
9:41 of 3rd period - Snap shot by Nick Suzuki.
9:41 of 3rd period - Shot Misses the Net.
9:43 of 3rd period - Wrist shot by Kyle Palmieri.
9:43 of 3rd period - Shot Misses the Net.
9:45 of 3rd period - Slapshot by John Klingberg.
9:45 of 3rd period - Stopped by David Rittich with a rebound.
9:51 of 3rd period - Minor Penalty to Vincent Trocheck for Interference.
9:52 of 3rd period - Anthony Beauvillier wins face-off versus Dylan Larkin in Boston Bruins zone.
10:07 of 3rd period - Slapshot by Dylan Larkin.
10:07 of 3rd period - Deflect By Tyler Toffoli.
10:07 of 3rd period - Shot Misses the Net.
10:07 of 3rd period - Puck is out of play.
10:08 of 3rd period - Connor McDavid wins face-off versus Anthony Beauvillier in Boston Bruins zone.
10:19 of 3rd period - Wrist shot by Anthony Beauvillier.
10:19 of 3rd period - Shot Misses the Net.
10:44 of 3rd period - Slapshot by Brandon Montour.
10:44 of 3rd period - Deflect By Tyler Toffoli.
10:44 of 3rd period - Shot Blocked by Tyson Barrie.
10:44 of 3rd period - Puck is out of play.
10:45 of 3rd period - Anthony Beauvillier wins face-off versus Connor McDavid in Boston Bruins zone.
10:45 of 3rd period - Anthony Beauvillier is hit by Andrew Copp.
10:51 of 3rd period - Snap shot by Connor McDavid.
10:51 of 3rd period - Shot Misses the Net.
10:53 of 3rd period - Slapshot by Aaron Ekblad.
10:53 of 3rd period - Shot Misses the Net.
11:11 of 3rd period - Ryan Donato is hit by Aaron Ekblad and loses puck.
11:20 of 3rd period - Snap shot by Dylan Larkin.
11:20 of 3rd period - Stopped by David Rittich with a rebound.
11:34 of 3rd period - Phil Kessel is hit by Jacob Trouba and loses puck.
11:51 of 3rd period - Penalty to Vincent Trocheck is over, Vincent Trocheck is back on ice.
11:57 of 3rd period - Slapshot by Phil Kessel.
11:57 of 3rd period - Stopped by Connor Hellebuyck with a rebound.
11:59 of 3rd period - Slapshot by Charlie McAvoy.
11:59 of 3rd period - Stopped by Connor Hellebuyck with a rebound.
12:01 of 3rd period - Slapshot by Charlie McAvoy.
12:01 of 3rd period - Shot Misses the Net.
12:03 of 3rd period - Wrist shot by Brock McGinn.
12:03 of 3rd period - Shot Misses the Net.
12:13 of 3rd period - Minor Penalty to John Klingberg for High sticking.
12:14 of 3rd period - Vincent Trocheck wins face-off versus Pius Suter in Winnipeg Jets zone.
12:14 of 3rd period - Snap shot by Pavel Zacha.
12:14 of 3rd period - Shot Blocked by Andrew Cogliano.
12:30 of 3rd period - Snap shot by Pavel Zacha.
12:30 of 3rd period - Stopped by Connor Hellebuyck without a rebound.
12:31 of 3rd period - Nick Suzuki wins face-off versus Vincent Trocheck in Winnipeg Jets zone.
13:06 of 3rd period - Slapshot by Charlie McAvoy.
13:06 of 3rd period - Deflect By Joel Farabee.
13:06 of 3rd period - Shot Misses the Net.
13:06 of 3rd period - Puck is out of play.
13:07 of 3rd period - Nick Suzuki wins face-off versus Ryan Donato in Winnipeg Jets zone.
13:36 of 3rd period - Snap shot by Nick Suzuki.
13:36 of 3rd period - Shot Misses the Net.
13:52 of 3rd period - Kyle Palmieri is hit by Joel Farabee and loses puck.
14:13 of 3rd period - Penalty to John Klingberg is over, John Klingberg is back on ice.
14:34 of 3rd period - Minor Penalty to Matt Grzelcyk for Holding.
14:35 of 3rd period - Connor McDavid wins face-off versus Vincent Trocheck in Boston Bruins zone.
14:47 of 3rd period - Snap shot by Connor McDavid.
14:47 of 3rd period - Shot Misses the Net.
15:17 of 3rd period - Wrist shot by Joel Farabee.
15:17 of 3rd period - Shot Blocked by Tyler Toffoli.
15:39 of 3rd period - Slapshot by Joel Farabee.
15:39 of 3rd period - Shot Blocked by Mark Stone.
16:34 of 3rd period - Penalty to Matt Grzelcyk is over, Matt Grzelcyk is back on ice.
16:34 of 3rd period - Seth Jones is hit by Tyson Barrie and loses puck.
17:13 of 3rd period - Snap shot by Joel Farabee.
17:13 of 3rd period - Stopped by Connor Hellebuyck without a rebound.
17:14 of 3rd period - Ryan Donato wins face-off versus Pius Suter in Winnipeg Jets zone.
17:38 of 3rd period - Phil Kessel is hit by Kyle Palmieri.
17:46 of 3rd period - Snap shot by Mathew Barzal.
17:46 of 3rd period - Shot Blocked by Victor Mete.
17:48 of 3rd period - Slapshot by Mathew Barzal.
17:48 of 3rd period - Shot Misses the Net.
17:58 of 3rd period - Snap shot by Vincent Trocheck.
17:58 of 3rd period - Shot Misses the Net.
18:00 of 3rd period - Slapshot by Matt Grzelcyk.
18:00 of 3rd period - Stopped by Connor Hellebuyck without a rebound.
18:01 of 3rd period - Ryan Nugent-Hopkins wins face-off versus Morgan Geekie in Winnipeg Jets zone.
18:26 of 3rd period - Ryan Nugent-Hopkins is hit by Morgan Geekie and loses puck.
18:36 of 3rd period - Minor Penalty to Charlie McAvoy for Tripping.
18:37 of 3rd period - Vincent Trocheck wins face-off versus Dylan Larkin in Boston Bruins zone.
19:13 of 3rd period - Slapshot by Ryan Nugent-Hopkins.
19:13 of 3rd period - Stopped by David Rittich without a rebound.
19:14 of 3rd period - Pavel Zacha wins face-off versus Dylan Larkin in Boston Bruins zone.
19:27 of 3rd period - Wrist shot by Dylan Larkin.
19:27 of 3rd period - Deflect By Mark Stone.
19:27 of 3rd period - Shot Blocked by Samuel Girard.
19:27 of 3rd period - Puck is out of play.
19:28 of 3rd period - Connor McDavid wins face-off versus Vincent Trocheck in Boston Bruins zone.
19:31 of 3rd period - Snap shot by Connor McDavid.
19:31 of 3rd period - Shot Blocked by Vincent Trocheck.
19:33 of 3rd period - Slapshot by Seth Jones.
19:33 of 3rd period - Stopped by David Rittich with a rebound.
19:35 of 3rd period - Snap shot by Ryan Nugent-Hopkins.
19:35 of 3rd period - Stopped by David Rittich with a rebound.
19:37 of 3rd period - Backhand shot by Seth Jones.
19:37 of 3rd period - Deflect By Connor McDavid.
19:37 of 3rd period - Shot Misses the Net.
19:37 of 3rd period - Puck is out of play.
19:38 of 3rd period - Vincent Trocheck wins face-off versus Connor McDavid in Boston Bruins zone.
19:38 of 3rd period - Vincent Trocheck is hit by Andrew Copp.
19:52 of 3rd period - Slapshot by Phil Kessel.
19:52 of 3rd period - Shot Blocked by Aaron Ekblad.
Goals for this period are 0 for Winnipeg Jets vs 0 for Boston Bruins.
Shots for this period are 11 for Winnipeg Jets vs 11 for Boston Bruins.
Overtime #1
0:01 of 1st overtime period - Vincent Trocheck wins face-off versus Connor McDavid in neutral zone.
0:36 of 1st overtime period - Penalty to Charlie McAvoy is over, Charlie McAvoy is back on ice.
1:56 of 1st overtime period - Pavel Zacha is hit by Jacob Trouba.
2:00 of 1st overtime period - Jacob Trouba is hit by Charlie McAvoy and loses puck.
2:21 of 1st overtime period - Slapshot by Charlie McAvoy.
2:21 of 1st overtime period - Goal by Charlie McAvoy - Winnipeg Jets : 1 - Boston Bruins : 2.
Goals for this period are 0 for Winnipeg Jets vs 1 for Boston Bruins.
Shots for this period are 0 for Winnipeg Jets vs 1 for Boston Bruins.
Back to the Top